 Dungeon Crawl Stone Soup version 0.22-a0-406-g9ff8d77 (webtiles) character file.

28484 KristoblXynda the Grappler (level 13, -2/119 HPs)
             Began as a Troll Wizard on May 8, 2018.
             Was a Believer of Ashenzari.
             Slain by a deep elf knight
             ... wielding a +0 long sword
              (9 damage)
             ... on level 13 of the Dungeon.
             The game lasted 00:32:50 (11705 turns).

KristoblXynda the Grappler (Troll Wizard)          Turns: 11705, Time: 00:32:51

Health: -2/119     AC: 19    Str: 18    XL:     13   Next: 10%
Magic:  15/15      EV: 11    Int: 18    God:    Ashenzari [**....]
Gold:   919        SH:  3    Dex:  8    Spells: 9/16 levels left

rFire    . . .     SeeInvis .     - Unarmed
rCold    . . .     Gourm    +   (no shield)
rNeg     . . .     Faith    .   z - +4 troll leather armour (curse)
rPois    .         Spirit   .   w - +1 hat
rElec    .         Reflect  +   u - +0 cloak
rCorr    .         Harm     .   (gloves unavailable)
MR       .....                  (boots unavailable)
Stlth    +.........             a - +3 amulet of reflection
HPRegen  1.09/turn              r - +2 ring of protection
MPRegen  0.14/turn              (no ring)

@: no status effects
A: large, unfitting armour, claws 3, horns 1, icy blue scales 1, molten scales
1, blink, fast metabolism 3, gourmand, regeneration 1, screaming 1, shaggy fur
1, tough skin 2
a: Blink, Curse Item, Scrying, Renounce Religion


You were on level 13 of the Dungeon.
You worshipped Ashenzari.
Ashenzari was pleased with you.
You were completely stuffed.

You visited 2 branches of the dungeon, and saw 14 of its levels.
You also visited: Ossuary.

You collected 919 gold pieces.

Inventory:

Hand Weapons
 x - the +8 lance "Wyrmbane" {slay drac, rPois rF+ rC+ AC+3}
   (You found it on level 8 of the Dungeon)

   It affects your AC (+3).
   It protects you from fire.
   It protects you from cold.
   It protects you from poison.
 E - a +2 whip of pain
Armour
 s - a +2 robe of the Archmagi
 u - a +0 cloak (worn)
 w - a +1 hat (worn)
 z - a cursed +4 troll leather armour (worn)
Jewellery
 a - a +3 amulet of reflection (around neck)
 r - a +2 ring of protection (left claw)
Wands
 m - a wand of enslavement (21)
 p - a wand of iceblast (21)
 v - a wand of acid (4)
 y - a wand of paralysis (24)
Scrolls
 c - 12 scrolls of remove curse
 f - 3 scrolls of identify
 g - a scroll of enchant armour
 i - a scroll of magic mapping
 q - a scroll of blinking
 A - a scroll of fog
 D - 2 scrolls of amnesia
 F - a scroll of immolation
Potions
 b - 2 potions of lignification
 h - 4 potions of curing
 j - 4 potions of might
 k - a potion of brilliance
 n - 2 potions of agility
 o - a potion of resistance
 t - a potion of cancellation
 C - a potion of haste
 H - a potion of heal wounds
Miscellaneous
 l - a lightning rod (1/4)
Comestibles
 d - 18 rations
 B - 12 chunks of flesh


   Skills:
 - Level 5.4 Fighting
 - Level 5.2 Dodging
 - Level 1.0 Stealth
 + Level 12.7 Unarmed Combat
 + Level 2.1 Spellcasting
 + Level 11.4 Conjurations
   Level 0.6 Summonings
   Level 0.6 Translocations
 + Level 4.1 Evocations


You had 9 spell levels left.
You knew the following spells:

 Your Spells              Type           Power        Failure   Level  Hunger
a - Magic Dart            Conj           ####         1%          1    #......
b - Mephitic Cloud        Conj/Pois/Air  ###.....     13%         3    ###....
c - Regeneration          Chrm/Necr      #.........   54%         3    ###....


Dungeon Overview and Level Annotations

Branches:
Dungeon (13/15)            Temple (1/1) D:4            Lair (0/6) D:8
    Orc (0/2) D:9          Vaults (0/5) D:13

Altars:
Ashenzari
Cheibriados
Dithmenos
Elyvilon
Fedhas
Gozag
Hepliaklqana
Kikubaaqudgha
Makhleb
Nemelex Xobeh
Okawaru
Qazlal
Ru
Sif Muna
Trog
Uskayaw
Vehumet
Wu Jian
Xom
Yredelemnul
Zin
The Shining One

Annotations:
D:13 Harold


Innate Abilities, Weirdness & Mutations

You are too large for most types of armour.
You have claws for hands.
Your metabolism is lightning-fast.
You like to eat raw meat.
Your natural rate of healing is unusually fast.
You are covered in fur. (AC +1)
You have very tough skin. (AC +2)
You have a pair of small horns on your head.
You are partially covered in icy blue scales. (AC +2)
You are partially covered in molten scales. (AC +2)
You can translocate small distances at will.
You occasionally shout uncontrollably at your foes.


Message History

The deep elf knight points at you and mumbles some strange words.
The orb of energy misses you.
The orb of energy explodes!
Evoke which item? (* to show all) (? for menu, Esc to quit)
Aiming: Corrosive Bolt
Press: ? - help, Shift-Dir - straight line The bolt of acid hits the deep elf knight.
The deep elf knight is splashed with acid.
The acid corrodes the deep elf knight!
The deep elf knight is severely wounded.
The bolt of acid misses the orc knight.
The deep elf knight points at you and mumbles some strange words.
The orb of energy hits you!
* * * LOW HITPOINT WARNING * * *
The deep elf knight hits you with a long sword!!
* * * LOW HITPOINT WARNING * * *
The deep elf knight blocks your attack.
Your headbutt misses the deep elf knight.
The deep elf knight is severely wounded.
The deep elf knight hits you with a long sword!
You die...

#................... * ,
##................... ,... , ,
.....########..###### * #.# .@
.....# #..# #.# *,,.. .....# #..#
#.# ,... .....########..# #.# ...
...............# #.# ....
...............##########.###....
................@eo....)†........
......############..######..##...
..... #..# #..# ..... #))# #..#*,
..... #.(# #..#* , ..... #..#
#..#* , ....., #..# #..# , .....
#..######..#* ....(
#..........#*,


You could see an orc knight and a deep elf knight.

Vanquished Creatures
  Snorg (D:10)
  2 hydras (D:12)
  4 vault guards (D:13)
  Erica (D:8)
  2 centaur warriors (D:13)
  8 two-headed ogres
  A hell knight (D:13)
  Nergalle (D:12)
  An unseen horror (D:13)
  Pikel (D:6)
  A wolf spider (D:13)
  2 cyclopes
  Joseph (D:8)
  Psyche (D:8)
  A freezing wraith (D:13)
  4 trolls
  7 hippogriffs
  Sigmund (D:6)
  2 shadows
  2 wyverns
  A vampire (D:12)
  4 yaks
  2 basilisks
  A human (shapeshifter) (D:13)
  Edmund (D:6)
  4 hungry ghosts
  A soldier ant (D:12)
  2 acid dragons (D:11)
  5 orc warriors
  3 ice beasts
  A slave (D:6)
  5 sky beasts
  A black bear (D:6)
  A phantom (D:13)
  A necrophage (D:6)
  8 ogres
  8 centaurs
  2 crocodiles
  4 bullfrogs
  A wyvern skeleton (D:9)
  A water moccasin zombie (D:8)
  2 scorpions
  6 killer bees (D:10)
  15 wights
  4 howler monkeys
  4 centaur zombies
  5 hounds
  6 crimson imps
  8 jellies
  12 orc wizards
  2 bullfrog skeletons
  5 centaur skeletons
  An orc priest (D:9)
  Crazy Yiuf (D:7)
  An iron imp (D:6)
  Jessica (D:3)
  Ijyb (D:3)
  9 worker ants
  3 iguanas
  2 hound zombies
  A hound skeleton (D:6)
  3 mummies (Ossuary)
  4 worker ant zombies
  8 gnolls
  19 adders
  6 shadow imps
  2 oozes
  2 adder zombies (Ossuary)
  3 adder skeletons
  2 worms
  2 dart slugs
  6 leopard geckos
  27 orcs
  5 giant cockroaches
  6 hobgoblins
  3 jackals (D:8)
  5 quokkas
  A ball python (D:3)
  6 bats
  8 frilled lizards
  6 goblins
  4 goblin zombies (Ossuary)
  3 hobgoblin zombies (Ossuary)
  9 kobolds
  2 kobold zombies (Ossuary)
  A quokka skeleton (D:7)
  4 quokka zombies
  5 rats
  4 rat zombies (Ossuary)
346 creatures vanquished.

Notes
Turn   | Place    | Note
-------+----------+-------------------------------------------
     0 | D:1      | KristoblXynda the Troll Wizard began the quest for the Orb.
     0 | D:1      | Reached XP level 1. HP: 16/16 MP: 2/2
   130 | D:1      | Reached skill level 1 in Unarmed Combat
   130 | D:1      | Reached skill level 1 in Conjurations
   177 | D:1      | Reached XP level 2. HP: 24/24 MP: 4/4
   504 | D:1      | You fall through a shaft!
   553 | D:2      | Reached XP level 3. HP: 20/31 MP: 5/5
   795 | D:2      | Reached skill level 2 in Unarmed Combat
  1028 | D:2      | Found a hazy altar of Hepliaklqana.
  1028 | D:2      | Found a glowing golden altar of the Shining One.
  1216 | D:3      | Noticed Ijyb
  1236 | D:3      | Killed Ijyb
  1236 | D:3      | Reached XP level 4. HP: 39/39 MP: 6/6
  1491 | D:3      | Reached skill level 3 in Unarmed Combat
  1750 | D:3      | Noticed Jessica
  1754 | D:3      | Killed Jessica
  1754 | D:3      | Reached XP level 5. HP: 43/45 MP: 7/7
  1942 | D:4      | Noticed an ogre
  1951 | D:4      | Killed an ogre
  2001 | D:4      | Found a sand-covered staircase.
  2006 | Ossuary  | Entered an ossuary
  2018 | Ossuary  | Reached skill level 4 in Unarmed Combat
  2027 | Ossuary  | Reached XP level 6. HP: 25/53 MP: 5/8
  2441 | D:4      | Found a staircase to the Ecumenical Temple.
  2450 | Temple   | Entered the Ecumenical Temple
  2633 | Temple   | Became a worshipper of Ashenzari the Shackled
  3082 | D:4      | Got the cursed robe of Conscience {+Inv rF+}
  3130 | D:4      | Identified the cursed +1 robe of Conscience {+Inv rF+} (You found it on level 4 of the Dungeon)
  3196 | D:4      | Reached skill level 5 in Unarmed Combat
  3196 | D:4      | Reached XP level 7. HP: 42/59 MP: 9/9
  3656 | D:5      | Entered Level 5 of the Dungeon
  3785 | D:5      | Got the war axe of Jappobos {freeze, rPois rC- rN+ MR+++}
  3859 | D:5      | Identified the +3 war axe of Jappobos {freeze, rPois rC- rN+ MR+++} (You found it on level 5 of the Dungeon)
  3897 | D:5      | Reached skill level 6 in Unarmed Combat
  3900 | D:5      | Gained mutation: You occasionally shout uncontrollably at your foes. [potion of mutation]
  3900 | D:5      | Gained mutation: You are resistant to electric shocks. (rElec) [potion of mutation]
  3900 | D:5      | Gained mutation: You are dopey. (Int -2) [potion of mutation]
  3900 | D:5      | Gained mutation: You are partially covered in molten scales. (AC +2) [potion of mutation]
  4394 | D:5      | Reached XP level 8. HP: 67/67 MP: 10/10
  4452 | D:5      | Reached skill level 5 in Conjurations
  4565 | D:6      | Learned a level 3 spell: Mephitic Cloud
  4682 | D:6      | Noticed Edmund
  4704 | D:6      | Killed Edmund
  4704 | D:6      | Reached skill level 7 in Unarmed Combat
  4859 | D:6      | Found a snail-covered altar of Cheibriados.
  5117 | D:6      | Noticed Sigmund
  5131 | D:6      | Killed Sigmund
  5366 | D:6      | Noticed Pikel
  5395 | D:6      | Killed Pikel
  5395 | D:6      | Reached skill level 8 in Unarmed Combat
  5395 | D:6      | Reached XP level 9. HP: 74/74 MP: 11/11
  5579 | D:6      | Lost mutation: You are dopey. (Int -2) [potion of mutation]
  5579 | D:6      | Lost mutation: You are resistant to electric shocks. (rElec) [potion of mutation]
  5579 | D:6      | Gained mutation: You can translocate small distances at will. [potion of mutation]
  5579 | D:6      | Gained mutation: You are partially covered in icy blue scales. (AC +2) [potion of mutation]
  5579 | D:6      | Gained mutation: You have a pair of small horns on your head. [potion of mutation]
  5863 | D:7      | Reached skill level 9 in Unarmed Combat
  5885 | D:7      | Reached * piety under Ashenzari
  6002 | D:7      | Found a runed door.
  6308 | D:7      | Noticed Crazy Yiuf
  6313 | D:7      | Killed Crazy Yiuf
  6745 | D:8      | Reached skill level 1 in Fighting
  6786 | D:8      | Found a staircase to the Lair.
  6810 | D:8      | Noticed Psyche
  6823 | D:8      | Killed Psyche
  6990 | D:8      | Reached XP level 10. HP: 64/87 MP: 12/12
  7025 | D:8      | Found a basalt altar of Yredelemnul.
  7025 | D:8      | Noticed Joseph
  7026 | D:8      | Found the +8 lance "Wyrmbane" {slay drac, rPois rF+ rC+ AC+3}
  7040 | D:8      | Killed Joseph
  7159 | D:8      | Noticed Erica
  7171 | D:8      | Killed Erica
  7171 | D:8      | Reached skill level 10 in Unarmed Combat
  7360 | D:8      | Noticed a two-headed ogre
  7369 | D:8      | Killed a two-headed ogre
  7517 | D:9      | Found a staircase to the Orcish Mines.
  7651 | D:9      | Reached ** piety under Ashenzari
  7969 | D:9      | Noticed a cyclops
  7970 | D:9      | Noticed a death knight
  8353 | D:9      | Noticed a rakshasa
  8367 | D:10     | Entered Level 10 of the Dungeon
  8375 | D:10     | Noticed Snorg
  8388 | D:10     | Killed Snorg
  8388 | D:10     | Reached XP level 11. HP: 101/101 MP: 10/13
  8423 | D:10     | Noticed a two-headed ogre
  8442 | D:10     | Killed a two-headed ogre
  8537 | D:10     | Reached skill level 11 in Unarmed Combat
  8989 | D:11     | Learned a level 3 spell: Regeneration
  9038 | D:11     | Noticed a two-headed ogre
  9095 | D:10     | Killed a two-headed ogre
  9095 | D:10     | Reached skill level 5 in Fighting
  9095 | D:10     | Reached skill level 10 in Conjurations
  9364 | D:11     | Noticed a two-headed ogre
  9371 | D:11     | Killed a two-headed ogre
  9590 | D:11     | Noticed a two-headed ogre
  9602 | D:11     | Killed a two-headed ogre
 10122 | D:12     | Reached XP level 12. HP: 97/111 MP: 14/14
 10128 | D:12     | Noticed Nergalle
 10140 | D:12     | Killed Nergalle
 10204 | D:12     | Reached skill level 1 in Evocations
 10421 | D:12     | Noticed a four-headed hydra
 10435 | D:12     | Killed a four-headed hydra
 10573 | D:12     | Noticed a two-headed ogre
 10576 | D:12     | Noticed a four-headed hydra
 10587 | D:12     | Killed a two-headed ogre
 10587 | D:12     | Reached skill level 12 in Unarmed Combat
 10592 | D:12     | Killed a four-headed hydra
 11040 | D:13     | Found a gate to the Vaults.
 11040 | D:13     | Noticed a centaur warrior
 11040 | D:13     | Noticed a vault guard
 11040 | D:13     | Noticed a two-headed ogre
 11040 | D:13     | Noticed a vault guard
 11040 | D:13     | Noticed a vault guard
 11041 | D:13     | Noticed a vault guard
 11041 | D:13     | Noticed a two-headed ogre
 11047 | D:13     | Killed a vault guard
 11048 | D:13     | Killed a two-headed ogre
 11052 | D:13     | Killed a vault guard
 11157 | D:12     | Killed a two-headed ogre
 11327 | D:13     | Killed a vault guard
 11408 | D:13     | Killed a vault guard
 11414 | D:13     | Reached skill level 5 in Dodging
 11435 | D:13     | Killed a centaur warrior
 11549 | D:13     | Noticed a centaur warrior
 11559 | D:13     | Killed a centaur warrior
 11588 | D:13     | Reached XP level 13. HP: 119/119 MP: 15/15
 11671 | D:13     | Noticed Harold
 11705 | D:13     | Slain by a deep elf knight

Vault maps used:
D:1:      saegor_arrival_miasma, minmay_misc_feat_tiny
D:2:      gammafunk_temple_overflow_pools, item_on_display_a
D:3:      minmay_wonky_spiral, uniq_jessica, uniq_ijyb
D:4:      minmay_temple_entry_junction, nicolae_ossuary_entry_false_entrances
D:5:      first_ration, nicolae_sextant
D:6:      slow_altar_1, uniq_sigmund, uniq_edmund, uniq_pikel
D:7:      uniq_crazy_yiuf_cottage
D:8:      old_standard_altar, lair_entry_dummy, uniq_joseph, uniq_psyche,
          uniq_erica
D:9:      hangedman_cross_veins
D:10:     uniq_snorg
D:12:     uniq_nergalle
D:13:     minmay_bloctagon_deflated, lightli_vaults_fourway_checkpoint,
          serial_shops, shop, grunt_livestock, sword_in_stone
Temple:   dpeg_five_rooms_temple
Ossuary:  ossuary_minmay_chase

Skill      XL: |  1  2  3  4  5  6  7  8  9 10 11 12 |
---------------+-------------------------------------+-----
Unarmed Combat | 1 2 3 4 5 6 8 9 10 11 12 | 12.7
Conjurations   | 1 2 3 4 6 7 9 10 11 | 11.4
Fighting       | 1 4 5 |  5.4
Dodging        | 2 5 |  5.2
Evocations     | 4 |  4.1
Stealth        | |  1.0
Spellcasting   | |  2.1
Summonings     | |  0.6
Translocations | |  0.6

Action                   |  1- 3 |  4- 6 |  7- 9 | 10-12 | 13-15 || total
-------------------------+-------+-------+-------+-------+-------++-------
Melee: Unarmed           |   123 |   208 |   404 |   589 |    36 ||  1360
       Punch             |       |     1 |     5 |    30 |       ||    36
       Headbutt          |       |       |    12 |    71 |     5 ||    88
       Lance             |       |       |       |    19 |       ||    19
 Cast: Magic Dart        |       |     3 |       |       |       ||     3
       Mephitic Cloud    |       |       |       |     5 |       ||     5
Invok: Curse Item        |       |       |       |     1 |       ||     1
Evoke: Wand              |       |       |     2 |    25 |     1 ||    28
       Lightning rod     |       |       |       |     4 |       ||     4
  Use: Scroll            |       |    12 |    11 |    15 |       ||    38
       Potion            |       |     5 |     6 |     1 |       ||    12
 Stab: Sleeping          |     2 |     1 |       |     1 |       ||     4
       Paralysed         |       |       |       |     9 |       ||     9
       Confused          |       |       |       |     5 |       ||     5
  Eat: Chunk             |    16 |    19 |    30 |    59 |     1 ||   125
       Ration            |       |       |     4 |     1 |       ||     5
Armor: Robe              |    63 |    71 |   139 |    50 |       ||   323
       Skin              |       |     1 |    46 |       |       ||    47
       Troll leather arm |       |       |       |   294 |    10 ||   304
Dodge: Dodged            |    67 |   101 |   115 |   242 |    11 ||   536
Block: Other             |       |       |    10 |    72 |     1 ||    83
       Reflection        |       |       |       |     3 |     1 ||     4

Table legend:
 A = Spawn XP
 B = Non-spawn XP
 C = Spawn XP percentage of total XP
 D = Spawn monster count
 E = Non-spawn monster count
 F = Spawn count percentage of total count
 G = Total turns spent on level
                    A         B        C        D         E        F      G
               +---------+---------+-------+---------+---------+-------+---------
         Total |       0 |   40692 |   0.0 |       0 |     345 |   0.0 | 11705
               +---------+---------+-------+---------+---------+-------+---------
           D:1 |       0 |      22 |   0.0 |       0 |      12 |   0.0 |   504
           D:2 |       0 |      63 |   0.0 |       0 |      21 |   0.0 |   712
           D:3 |       0 |     143 |   0.0 |       0 |      22 |   0.0 |   707
           D:4 |       0 |     566 |   0.0 |       0 |      15 |   0.0 |  1141
           D:5 |       0 |     593 |   0.0 |       0 |      20 |   0.0 |   904
           D:6 |       0 |    1911 |   0.0 |       0 |      25 |   0.0 |  1027
           D:7 |       0 |     954 |   0.0 |       0 |      18 |   0.0 |   887
           D:8 |       0 |    3783 |   0.0 |       0 |      29 |   0.0 |  1221
           D:9 |       0 |    2795 |   0.0 |       0 |      24 |   0.0 |   672
          D:10 |       0 |    4502 |   0.0 |       0 |      25 |   0.0 |   803
          D:11 |       0 |    5859 |   0.0 |       0 |      44 |   0.0 |   874
          D:12 |       0 |    8178 |   0.0 |       0 |      43 |   0.0 |  1276
          D:13 |       0 |   11242 |   0.0 |       0 |      26 |   0.0 |   385
       Ossuary |       0 |      81 |   0.0 |       0 |      21 |   0.0 |   347
               +---------+---------+-------+---------+---------+-------+---------
